 Dungeon Crawl Stone Soup version 0.28-a0-199-g298df9dbad (webtiles) character file.

Game seed: 12760349904717432038

161 siradein the Skirmisher (level 5, -1/59 HPs)
             Began as an Ogre Berserker on Aug 20, 2021.
             Was a Believer of Trog.
             Slain by Grinder (3 damage)
             ... on level 3 of the Dungeon.
             The game lasted 00:05:17 (3419 turns).

siradein the Skirmisher (Ogre Berserker)            Turns: 3419, Time: 00:05:17

Health: -1/59      AC:  4    Str: 22    XL:     5   Next: 42%
Magic:  5/5        EV: 10    Int:  8    God:    Trog [**....]
Gold:   98         SH:  0    Dex:  8    Spells: 4/4 levels left

rFire   . . .      SeeInvis .   a - +0 mace
rCold   . . .      Faith    .   (no shield)
rNeg    + . .      Spirit   .   b - +0 animal skin
rPois   .          Reflect  .   (helmet restricted)
rElec   .          Harm     .   c - +0 cloak
rCorr   .          Rampage  .   (gloves unavailable)
Will    +++..                   (boots unavailable)
Stlth   +.........              (no amulet)
HPRegen 1.19/turn               l - ring of positive energy
MPRegen 0.09/turn               m - ring of willpower

@: strong-willed, on berserk cooldown, regenerating, slowed, very slow
A: large, unfitting armour, tough skin 1
a: Renounce Religion, Berserk, Trog's Hand


You were on level 3 of the Dungeon.
You worshipped Trog.
Trog was pleased with you.
You visited 1 branch of the dungeon, and saw 3 of its levels.

You collected 98 gold pieces.

Inventory:

Hand Weapons
 a - a +0 mace (weapon)
Armour
 b - a +0 animal skin (worn)
 c - a +0 cloak (worn)
Jewellery
 l - a ring of positive energy (left hand)
 m - a ring of willpower (right hand)
 n - a ring of positive energy
Scrolls
 d - 4 scrolls of teleportation {unknown}
 h - a scroll of enchant armour {unknown}
 i - 2 scrolls of enchant weapon {unknown}
 j - 2 scrolls of identify {unknown}
 k - a scroll of noise {unknown}
Potions
 e - a potion of brilliance {unknown}
 f - 3 potions of degeneration {unknown}
 g - 3 potions of curing {unknown}


   Skills:
 + Level 6.1 Fighting
 + Level 4.3 Maces & Flails
 - Level 2.6 Dodging


You had 4 spell levels left.
You didn't know any spells.
Your spell library was empty.

Dungeon Overview and Level Annotations

Branches:
Dungeon (3/15)

Altars:

Annotations:
D:3 1 transporter, Grinder


Innate Abilities, Weirdness & Mutations

You are too large for most types of armour.
You have tough skin. (AC +1)


Message History

Grinder says, "There's only one good use for a tongue: cutting it out."
You barely miss Grinder.
Your skin stops crawling.
You feel less strong-willed. Grinder barely misses you.
Grinder closely misses you.
You hit Grinder.
Grinder is lightly wounded.
Grinder splashes around in the water.
Grinder gestures at you.
You suddenly lose the ability to move!
Grinder splashes around in the water.
Grinder hits you but does no damage. Grinder hits you!
Grinder splashes around in the water.
Grinder hits you but does no damage.
You can move again.
Your skin crawls.
You feel strong-willed. Grinder hits you.
You're still recovering from your berserk rage.
You hit Grinder.
Grinder is lightly wounded.
Grinder hits you.
* * * LOW HITPOINT WARNING * * *
You writhe in agony.
* * * LOW HITPOINT WARNING * * *
Grinder hits you.
* * * LOW HITPOINT WARNING * * *
You sock Grinder!
Grinder is moderately wounded.
Grinder hits you.
* * * LOW HITPOINT WARNING * * *
You writhe in agony.
* * * LOW HITPOINT WARNING * * *
Grinder splashes around in the water.
You hit Grinder but do no damage.
Grinder is moderately wounded.
Grinder hits you.
* * * LOW HITPOINT WARNING * * *
You writhe in agony.
You die...

........†....##.♣
.©#.
............## ..
##.
.####.......##
#.#
##........##.#^
#..........#.#..
#.....<....#.#
#....))....##.#
###...♣....?..# #
.....≈.@........
...≈≈.≈5≈......#
..♣≈≈≈≈≈≈P......
..P.≈≈≈≈≈......#
...≈.≈≈♣≈..!...#
....≈≈≈ ≈♣.....
..P≈≈≈≈ ...####
...≈≈≈≈ ≈#.#


You could see Grinder.

Vanquished Creatures
  4 gnolls (D:2)
  5 adders
  2 worms (D:2)
  An orc (D:3)
  3 bats
  10 endoplasms
  3 giant cockroaches
  6 goblins
  5 hobgoblins
  4 quokkas
  9 ball pythons
  5 frilled lizards
  4 kobolds
  8 rats
69 creatures vanquished.

Vanquished Creatures (others)
  2 plants (D:3)
2 creatures vanquished.

Grand Total: 71 creatures vanquished

Notes
Turn   | Place    | Note
-------+----------+-------------------------------------------
     0 | D:1      | siradein the Ogre Berserker began the quest for the Orb.
     0 | D:1      | Reached XP level 1. HP: 24/24 MP: 1/1
   191 | D:1      | Reached XP level 2. HP: 24/32 MP: 2/2
   283 | D:1      | Found a faded altar of an unknown god.
   732 | D:1      | Reached XP level 3. HP: 40/40 MP: 3/3
   867 | D:2      | Reached ** piety under Trog
   872 | D:2      | Reached skill level 5 in Fighting
   875 | D:2      | Reached XP level 4. HP: 32/50 MP: 4/4
  2898 | D:3      | Reached XP level 5. HP: 54/59 MP: 5/5
  3060 | D:3      | Reached skill level 6 in Fighting
  3257 | D:3      | Noticed a kobold brigand
  3261 | D:3      | Found a transporter.
  3271 | D:3      | Noticed a toenail golem
  3368 | D:3      | Noticed Grinder
  3410 | D:3      | Paralysed by Grinder for 6 turns
  3419 | D:3      | HP: 2/59 [Grinder (6)]
  3419 | D:3      | Slain by Grinder

Illustrated notes

Levels and vault maps discovered:
D:1:      scummos_arrival_star, layout_rooms,
          hellmonk_ecumenical_altar_pennies_from_heaven
D:2:      layout_basic, minmay_splitting_lines
D:3:      layout_basic, mainiacjoe_overflow_catwalk_spiral, serial_bayou,
          serial_bayou_pond_e, serial_bayou_pond_c, serial_bayou_pond_b,
          serial_bayou_pond_a, gammafunk_ghost_abyssal_escape, uniq_grinder

Skill      XL: |  1  2  3  4  5 |
---------------+----------------+-----
Maces & Flails | 3 4 |  4.3
Fighting       | 5 6 |  6.1
Dodging        | |  2.6

Action                   |  1- 3 |  4- 6 || total
-------------------------+-------+-------++-------
Melee: Mace              |    83 |   157 ||   240
Invok: Berserk           |     1 |     1 ||     2
       Trog's Hand       |       |     4 ||     4
Armor: Animal skin       |    34 |    74 ||   108
Dodge: Dodged            |    54 |    94 ||   148

Table legend: (Time is in decaauts)
 A = Elapsed time spent in this place.
 B = Non-inter-level travel time spent in this place.
 C = Inter-level travel time spent in this place.
 D = Time resting spent in this place.
 E = Time spent auto-exploring this place.
 F = Levels seen in this place.
 G = Mean time per level.
                   A        B        C        D        E       F      G
               +--------+--------+--------+--------+--------+-----+--------+
         Total |   3478 |   3458 |     20 |    973 |   1946 |   3 | 1159.3 |
       Dungeon |   3478 |   3458 |     20 |    973 |   1946 |   3 | 1159.3 |
               +--------+--------+--------+--------+--------+-----+--------+

Top non-repeatable levels by time:
     D:2: 2128 daAuts
     D:1: 796 daAuts
     D:3: 553 daAuts
